Map: Efflorescence LE

Players

milfo - Winner!

  • Race: Zerg Zerg
  • League: Diamond
  • Spawn Location: 9:00

SSJxSniper - Winner!

  • Race: Zerg Zerg
  • League: Platinum
  • Spawn Location: 6:00

Chan

  • Race: Protoss Protoss
  • League: Diamond
  • Spawn Location: 3:00

GeorgieEff

  • Race: Zerg Zerg
  • League: Silver
  • Spawn Location: 12:00

VOD

Have the link to the VOD?

Description

Time

  • Played on: April 1, 2019, 7:33 p.m.
  • Length: 7:11
Show
View Real Time Build Order
Export as new Build Order

milfo Zerg - Winner!

Build Orders: Pool First 

Get SALT Encoding   

  12  0:02  Drone  
  13  0:09  Drone  
  14  0:25  Extractor  
  14  0:27  Extractor  
  12  0:30  Drone x2  
  15  0:40  Spawning Pool  
  14  0:49  Overlord  
  14  1:22  Hatchery  
  14  1:23  Drone  
  14  1:25  Drone  
  15  1:31  Drone  
  16  1:41  Metabolic Boost  
  16  1:52  Queen  
  18  1:58  Drone  
  18  2:01  Drone  
  20  2:05  Drone  
  21  2:14  Overlord  
  21  2:23  Extractor  
  21  2:28  Queen  
  23  2:37  Overlord  
  23  2:38  Overlord  
  23  2:51  Lair  
  23  3:01  Zergling x6  
  23  3:04  Zergling x2  
  28  3:12  Zergling x2  
  28  3:13  Zergling x2  
  28  3:14  Zergling x2  
  28  3:18  Zergling x2  
  31  3:21  Zergling x2  
  32  3:39  Zergling x2  
  32  3:40  Zergling x8  
  37  3:41  Zergling x2  
  38  3:52  Nydus Network  
  37  4:03  Pneumatized Carapace  
  37  4:06  Zergling x4  
  39  4:15  Zergling x2  
  39  4:16  Zergling x4  
  42  4:39  Zergling x10  
  42  4:40  Zergling x4  
  49  5:02  Nydus Canal  
  49  5:09  Drone  
  49  5:10  Drone x2  
  46  5:46  Zergling x2  
  46  5:47  Zergling x22  
  37  6:20  Zergling x8  
  37  6:21  Zergling x12  
  44  6:59  Hatchery  
Show
View Real Time Build Order
Export as new Build Order

SSJxSniper Zerg - Winner!

Build Orders: Pool First 

Get SALT Encoding   

  12  0:08  Overlord  
  12  0:13  Drone  
  13  0:20  Drone  
  14  0:36  Spawning Pool  
  14  0:38  Extractor  
  14  0:41  Drone  
  13  0:46  Drone  
  14  0:51  Drone  
  15  1:10  Drone  
  16  1:22  Zergling x2  
  16  1:23  Zergling x2  
  16  1:24  Queen  
  16  1:25  Zergling x2  
  21  1:36  Overlord  
  21  1:39  Metabolic Boost  
  21  1:49  Drone  
  22  1:58  Drone  
  24  2:08  Drone  
  24  2:22  Hatchery, Zergling x2  
  24  2:32  Drone  
  25  2:41  Zergling x6  
  30  2:53  Lair  
  26  3:10  Zergling x4  
  28  3:20  Drone x3  
  28  3:23  Extractor  
  29  3:27  Overlord x2  
  29  3:47  Queen  
  31  3:48  Drone x2  
  31  3:49  Drone x2  
  31  3:53  Drone  
  36  4:08  Drone x2  
  36  4:09  Drone x3  
  40  4:23  Spore Crawler  
  39  4:25  Spore Crawler  
  39  4:27  Drone  
  39  4:28  Queen, Spore Crawler  
  40  4:33  Hydralisk Den  
  38  5:04  Zergling x6  
  38  5:05  Zergling x8  
  40  5:21  Queen  
  40  5:24  Hydralisk x3  
  48  5:41  Hydralisk  
  48  5:42  Overlord x2  
  50  5:54  Drone  
  51  5:57  Overlord x2  
  49  6:08  Hydralisk  
  49  6:09  Hydralisk  
  43  6:31  Hydralisk x6  
  54  6:45  Drone  
Show
View Real Time Build Order
Export as new Build Order

Chan Protoss 

Build Orders:  

Get SALT Encoding   

  12  0:02  Probe  
  13  0:17  Pylon  
  13  0:19  Probe  
  14  0:36  Assimilator  
  14  0:40  Gateway  
  14  0:41  Probe  
  15  0:52  Assimilator  
  15  1:00  Probe  
  16  1:08  Probe  
  16  1:17  Probe  
  18  1:29  Probe  
  18  1:32  Cybernetics Core  
  19  1:39  Pylon  
  19  1:44  Zealot  
  21  1:47  Probe  
  21  1:54  Pylon  
  22  2:05  Probe  
  23  2:11  Warp Gate  
  23  2:14  Stalker  
  25  2:17  Probe  
  26  2:39  Probe  
  26  2:44  Stargate  
  27  2:48  Zealot  
  30  2:51  Probe  
  30  3:07  Stargate  
  30  3:29  Void Ray  
  34  3:41  Probe  
  34  3:48  Void Ray  
  39  4:03  Fleet Beacon  
  39  4:06  Pylon x2  
  39  4:25  Void Ray  
  43  4:44  Probe  
  44  4:49  Pylon  
  36  5:34  Zealot  
  11  6:58  Nexus  
Show
View Real Time Build Order
Export as new Build Order

GeorgieEff Zerg 

Build Orders: Hatch First 

Get SALT Encoding   

  12  0:09  Overlord  
  12  0:14  Drone  
  13  0:18  Drone  
  14  0:29  Drone  
  15  0:51  Hatchery  
  15  0:53  Drone  
  15  0:54  Drone  
  16  1:00  Extractor  
  15  1:05  Drone x2  
  17  1:16  Drone  
  18  1:26  Spawning Pool  
  18  1:30  Drone  
  18  1:37  Overlord  
  18  1:50  Drone  
  19  2:00  Drone  
  20  2:17  Zergling x4  
  20  2:18  Zergling x2  
  20  2:22  Queen  
  24  2:48  Zergling x12  
  30  3:01  Metabolic Boost  
  30  3:26  Evolution Chamber  
  29  3:27  Drone x5  
  29  3:28  Drone  
  35  3:35  Overlord  
  35  3:53  Queen  
  35  3:54  Zerg Ground Armor Level 1  
  37  3:58  Lair  
  37  4:06  Extractor  
  27  4:33  Zergling x2  
  27  4:34  Zergling x16  
  36  4:50  Drone x2  
  38  5:09  Zergling x2  
  38  5:10  Zergling x8  
  43  5:20  Drone  
  42  5:43  Zergling x4  
  42  5:44  Zergling x6  
  42  5:45  Zergling x2  
  33  5:58  Zergling x4  
  34  6:11  Zergling x2  
  34  6:12  Zergling x2  
  33  6:20  Zergling x4  
  33  6:33  Zergling x8  
  27  6:41  Zergling x2  
  24  6:51  Zergling x2  
Tags
 
Add a new tag
Caveats
  • Supply blocks, unpowered buildings, or Contaminate may cause inaccurate times.
  • Supply counts are checked every 10 seconds.